 Dungeon Crawl Stone Soup version 0.21.1-1-g345015f (webtiles) character file.

990 teukkam the Skirmisher (level 7, -1/74 HPs)
             Began as a Troll Monk on June 29, 2018.
             Killed from afar by Erica (22 damage)
             ... with a bolt of poison
             ... on level 8 of the Dungeon on July 2, 2018.
             The game lasted 00:15:56 (1981 turns).

teukkam the Skirmisher (Troll Monk)                 Turns: 1981, Time: 00:15:56

Health: -1/74      AC:  5    Str: 22    XL:     7   Next: 98%
Magic:  6/6        EV:  7    Int:  6    God:
Gold:   178        SH: 14    Dex: 12    Spells: 6/6 levels left

rFire    . . .     SeeInvis .     - Unarmed
rCold    . . .     Gourm    +   n - +0 large shield
rNeg     . . .     Faith    .   a - +0 robe
rPois    .         Spirit   .   (helmet restricted)
rElec    .         Reflect  .   (no cloak)
rCorr    .         Harm     .   (gloves unavailable)
MR       .....                  (boots unavailable)
Stlth    ++........             (no amulet)
HPRegen  0.62/turn              (no ring)
MPRegen  0.10/turn              (no ring)

@: lethally poisoned (-1 -> -5), berserk cooldown, slowed, very slow
A: large, unfitting armour, claws 3, fast metabolism 3, gourmand, regeneration
1, shaggy fur 1, tough skin 2
a: no special abilities


You were on level 8 of the Dungeon.
You were completely stuffed.

You visited 1 branch of the dungeon, and saw 8 of its levels.

You collected 178 gold pieces.

Inventory:

Hand Weapons
 b - a +0 dagger of venom
Missiles
 d - 8 tomahawks of returning (quivered)
 f - 4 large rocks
 k - 4 poisoned needles
Armour
 a - a +0 robe (worn)
 n - a +0 large shield (worn)
Magical Staves
 g - an uncursed staff of power {unknown}
Scrolls
 e - a scroll of noise {unknown}
 h - 2 scrolls of identify
 q - a scroll of remove curse
 r - a scroll of amnesia {unknown}
 s - a scroll of teleportation
 t - a scroll of magic mapping {unknown}
Potions
 c - 6 potions of curing
 o - a potion of lignification {unknown}
Comestibles
 m - 7 rations
 p - 4 chunks of flesh


   Skills:
 + Level 5.9 Fighting
 - Level 3.1 Throwing
 - Level 2.4 Dodging
 - Level 1.0 Stealth
 + Level 4.0 Shields
 - Level 3.4 Unarmed Combat


You had 6 spell levels left.
You didn't know any spells.

Dungeon Overview and Level Annotations

Branches:
Dungeon (8/15)
 Temple: D:4-7         Lair: D:8-11

Altars:
Ashenzari
Cheibriados
Kikubaaqudgha
Qazlal
Uskayaw

Shops:
D:5 *

Annotations:
D:4 Menkaure
D:5 dscm's ghost, amateur TrHu
D:8 Erica


Innate Abilities, Weirdness & Mutations

You are too large for most types of armour.
You have claws for hands.
Your metabolism is lightning-fast.
You like to eat raw meat.
Your natural rate of healing is unusually fast.
You are covered in fur. (AC +1)
You have very tough skin. (AC +2)


Message History

You claw Erica!
Erica is severely wounded.
Erica hits you with a scimitar of flaming.
* * * LOW HITPOINT WARNING * * *
Erica burns you.
* * * LOW HITPOINT WARNING * * *
You claw Erica!
Erica is almost dead.
You barely miss Erica.
Erica is almost dead.
You block Erica's attack.
You closely miss Erica.
Erica is almost dead.
You are no longer berserk.
You are exhausted.
You feel yourself slow down. Erica gestures at you while chanting.
The bolt of poison hits you!
You are poisoned.
You die...

## ..### ##...# ..
.... .. #... #.
.#####..#########
#.
......@.#.......#
#. #@#.#####.# #.
#.#.#...#.#######.
#....###..........
###..# #.....#####
#..###.....# #
#.......#### #
######### # # #


You could see Erica.

Vanquished Creatures
  2 phantoms
  3 centaurs
  The ghost of dscm the Chopper, a weakling GrGl (D:4)
  A jelly (D:5)
  3 hounds
  2 bullfrog skeletons
  An orc wizard (D:4)
  7 worker ants
  A hound skeleton (D:4)
  6 adders
  A shadow imp (D:6)
  3 oozes
  A dart slug (D:3)
  4 leopard geckos
  6 orcs
  4 bats
  6 giant cockroaches
  4 goblins
  4 hobgoblins
  10 jackals
  3 quokkas
  A frilled lizard (D:1)
  7 kobolds
  A leopard gecko skeleton (D:4)
  7 rats
89 creatures vanquished.

Notes
Turn   | Place    | Note
-------+----------+-------------------------------------------
     0 | D:1      | teukkam the Troll Monk began the quest for the Orb.
     0 | D:1      | Reached XP level 1. HP: 22/22 MP: 0/0
    89 | D:1      | Reached XP level 2. HP: 29/29 MP: 1/1
   203 | D:2      | Reached XP level 3. HP: 35/36 MP: 2/2
   236 | D:2      | Found an ancient bone altar of Kikubaaqudgha.
   277 | D:2      | Reached skill level 3 in Fighting
   277 | D:2      | Reached skill level 1 in Throwing
   294 | D:2      | Found a stormy altar of Qazlal.
   420 | D:3      | Reached XP level 4. HP: 44/45 MP: 3/3
   441 | D:4      | Noticed a phantom
   460 | D:4      | Killed a phantom
   460 | D:4      | Reached XP level 5. HP: 33/54 MP: 4/4
   471 | D:4      | Noticed dscm's ghost (weakling GrGl)
   487 | D:4      | Killed dscm's ghost
   491 | D:4      | Noticed Menkaure
   503 | D:3      | Found a shattered altar of Ashenzari.
   660 | D:3      | Reached skill level 4 in Fighting
   855 | D:4      | Reached XP level 6. HP: 16/62 MP: 5/5
   947 | D:4      | Reached skill level 1 in Shields
  1102 | D:5      | Entered Level 5 of the Dungeon
  1124 | D:5      | Found Sisuruq's General Store.
  1177 | D:5      | Noticed dscm's ghost (amateur TrHu)
  1222 | D:6      | Reached skill level 5 in Fighting
  1222 | D:6      | Reached XP level 7. HP: 59/72 MP: 6/6
  1269 | D:6      | Found a hide-covered altar of Uskayaw.
  1924 | D:8      | Found a snail-covered altar of Cheibriados.
  1957 | D:8      | Noticed Erica
  1981 | D:8      | Killed from afar by Erica

Skill      XL: |  1  2  3  4  5  6  7 |
---------------+----------------------+-----
Fighting       | 3 4 5 |  5.9
Throwing       | 1 2 3 |  3.1
Shields        | 2 4 |  4.0
Dodging        | |  2.4
Stealth        | |  1.0
Unarmed Combat | |  3.4

Action                   |  1- 3 |  4- 6 |  7- 9 || total
-------------------------+-------+-------+-------++-------
Melee: Unarmed           |    72 |    75 |    97 ||   244
       Punch             |     1 |       |       ||     1
       Dagger            |       |    38 |    34 ||    72
Throw: Tomahawk          |     1 |    11 |     4 ||    16
  Use: Scroll            |       |     5 |       ||     5
       Potion            |       |     1 |     5 ||     6
 Stab: Sleeping          |       |     1 |     1 ||     2
  Eat: Chunk             |     4 |    12 |     8 ||    24
Armor: Robe              |    14 |    29 |    29 ||    72
Dodge: Dodged            |    39 |    43 |    33 ||   115
Block: Large shield      |       |    57 |    95 ||   152
